 Dungeon Crawl Stone Soup version 0.31-a0-18-gea43df2a32 (webtiles) character file.

Game seed: 3484420421234844010

200 Elsrick the Covered (level 5, -3/45 HPs)
             Began as a Demigod Fighter on May 12, 2023.
             Succumbed to a water moccasin's poison
             ... on level 6 of the Dungeon.
             The game lasted 00:06:22 (1963 turns).

Elsrick the Covered (Demigod Fighter)               Turns: 1963, Time: 00:06:23

Health: -3/45      AC:  6    Str: 21    XL:     5   Next: 24%
Magic:  7/7        EV: 10    Int: 10    God:
Gold:   220        SH:  5    Dex: 19    Spells: 4/4 levels left

rFire   . . .        q - +1 hand axe (vamp)
rCold   . . .        c - +0 buckler
rNeg    . . .        b - +0 scale mail
rPois   .            (no helmet)
rElec   .            (no cloak)
rCorr   .            (no gloves)
SInv    .            (no boots)
Will    .....        (no amulet)
Stlth   +            i - +6 ring of dexterity
HPRegen 0.27/turn    (no ring)
MPRegen 0.10/turn

%: no passive effects
@: lethally poisoned (-3 -> -28)
A: high MP 1, forlorn, divine attributes
a: no special abilities


You were on level 6 of the Dungeon.
You visited 1 branch of the dungeon, and saw 4 of its levels.

You collected 220 gold pieces.

Inventory:

Hand Weapons
 a - a +0 war axe
 q - a +1 vampiric hand axe (weapon)
Missiles
 k - 5 boomerangs of dispersal (quivered)
Armour
 b - a +0 scale mail (worn)
 c - a +0 buckler (worn)
Jewellery
 e - an amulet of magic regeneration
 i - a +6 ring of dexterity (left hand)
Wands
 n - a wand of paralysis (11)
Scrolls
 f - a scroll of enchant weapon {unknown}
 j - 2 scrolls of immolation {unknown}
 l - 6 scrolls of identify {unknown}
 o - a scroll of magic mapping {unknown}
 p - a scroll of noise {unknown}
Potions
 d - a potion of might
 g - a potion of degeneration {unknown}
 h - a potion of lignification


   Skills:
 + Level 3.2 Fighting
 + Level 3.2 Axes
 + Level 3.5 Armour
 + Level 1.6 Dodging
 + Level 0.6 Stealth
 + Level 3.2 Shields


You had 4 spell levels left.
You didn't know any spells.
Your spell library contained the following spells:

 Spells                   Type           Power      Damage    Failure   Level
 Apportation              Tloc           0%         N/A       77%         1
 Necrotise                Necr           0%         1d4       77%         1
 Summon Small Mammal      Summ           0%         N/A       77%         1
 Portal Projectile        Hex/Tloc       0%         N/A       98%         3
 Tukima's Dance           Hex            0%         N/A       98%         3
 Blade Hands              Tmut           0%         N/A       100%        5


Dungeon Overview and Level Annotations

Branches:
Dungeon (3/15)


Innate Abilities, Weirdness & Mutations

You have an increased reservoir of magic. (+10% MP)
You shall have no god before yourself.
Your divine heritage dramatically boosts your attributes as you level up.


Message History

The water moccasin is heavily wounded.
You feel very sick. You block the water moccasin's attack.
You miss the water moccasin.
The water moccasin is heavily wounded.
You feel sick. The water moccasin bites you. x2
* * * LOW HITPOINT WARNING * * *
You hit the water moccasin.
You feel better.
The water moccasin is severely wounded.
You feel sick. The water moccasin bites you.
* * * LOW HITPOINT WARNING * * *
You block the water moccasin's attack.
You closely miss the water moccasin.
The water moccasin is severely wounded.
You feel sick.
The water moccasin bites you but does no damage.
You hit the water moccasin.
You feel better.
The water moccasin is severely wounded.
You feel sick. The water moccasin barely misses you.
The water moccasin bites you but does no damage.
You hit the water moccasin.
You feel better.
The water moccasin is almost dead.
You feel sick. The water moccasin bites you.
* * * LOW HITPOINT WARNING * * *
You are lethally poisoned!
The water moccasin poisons you!
The water moccasin bites you but does no damage.
It was a potion of flight.
You feel very buoyant.
You fly up into the air.
* * * LOW HITPOINT WARNING * * *
You feel very sick. The water moccasin bites you.
* * * LOW HITPOINT WARNING * * *
You are more poisoned.
The water moccasin poisons you!
It was a potion of cancellation.
Your magical effects are unravelling.
You feel magically purged.
You float gracefully downwards.
You die...

#.....
###.#
.....
...$
....
...#
...#?..
.....
... #S#
#@#
######.#
#....#.#
#......#
#.....##
#.....#
#....##
#....#
#....#


You could see a water moccasin.

Vanquished Creatures
  A bullfrog (D:6)
  An orc wizard (D:3)
  6 adders
  3 orcs (D:3)
  4 bats
  2 endoplasms (D:2)
  4 giant cockroaches
  4 goblins
  4 hobgoblins
  5 jackals (D:1)
  A quokka (D:3)
  4 ball pythons
  2 frilled lizards
  10 kobolds
  4 rats
55 creatures vanquished.

Notes
Turn   | Place    | Note
-------+----------+-------------------------------------------
     0 | D:1      | Elsrick the Demigod Fighter began the quest for the Orb.
     0 | D:1      | Reached XP level 1. HP: 18/18 MP: 3/3
   258 | D:1      | Reached XP level 2. HP: 23/25 MP: 4/4
   852 | D:2      | Reached XP level 3. HP: 30/31 MP: 5/5
  1177 | D:2      | Reached skill level 1 in Dodging
  1177 | D:2      | Reached XP level 4. HP: 34/38 MP: 6/6
  1929 | D:3      | You fall into a shaft and drop 3 floors!
  1937 | D:6      | Noticed a bullfrog
  1945 | D:6      | Noticed a water moccasin
  1952 | D:6      | Killed a bullfrog
  1953 | D:6      | Reached XP level 5. HP: 34/45 MP: 7/7
  1963 | D:6      | Succumbed to a water moccasin's poison

Illustrated notes

Levels and vault maps discovered:
D:1:      lightli_iron_boxes, layout_basic
D:2:      layout_basic, minivault_5, kennysheep_generic_room_13
D:3:      layout_rooms, serial_bayou, serial_bayou_crossing,
          serial_bayou_pond_a, serial_bayou_pond_c, serial_bayou_shore_a,
          grunt_decor_cap
D:6:      layout_rooms, mainiacjoe_overflow_catwalk

Skill      XL: |  1  2  3  4 |
---------------+-------------+-----
Axes           | 2 3 |  3.2
Armour         | 3 |  3.5
Fighting       | 3 |  3.2
Shields        | 3 |  3.2
Dodging        | 1 |  1.6
Stealth        | |  0.6

Action                     |  1- 3 |  4- 6 || total
---------------------------+-------+-------++-------
  Melee: War axe           |    91 |    28 ||   119
         Hand axe          |       |    45 ||    45
    Use: Potion            |     1 |     2 ||     3
 Armour: Scale mail        |    58 |    38 ||    96
  Dodge: Dodged            |    63 |    40 ||   103
  Block: Buckler           |    37 |    19 ||    56

Table legend: (Time is in decaauts)
 A = Elapsed time spent in this place.
 B = Non-inter-level travel time spent in this place.
 C = Inter-level travel time spent in this place.
 D = Time resting spent in this place.
 E = Time spent auto-exploring this place.
 F = Levels seen in this place.
 G = Mean time per level.
                   A        B        C        D        E       F      G
               +--------+--------+--------+--------+--------+-----+--------+
         Total |   2024 |   1976 |     48 |    175 |   1172 |   4 |  506.0 |
       Dungeon |   2024 |   1976 |     48 |    175 |   1172 |   4 |  506.0 |
               +--------+--------+--------+--------+--------+-----+--------+

Top non-repeatable levels by time:
     D:1: 1006 daAuts
     D:2: 754 daAuts
     D:3: 225 daAuts
     D:6: 37 daAuts
